 Dungeon Crawl Stone Soup version 0.29.1-15-g9cfb28693d (webtiles) character file.

Game seed: 3958299703230113758

105 monsoonserge the Grave Robber (level 4, 0/32 HPs)
             Began as a Gnoll Necromancer on Apr 26, 2023.
             Slain by a gnoll
             ... wielding a +0 halberd
              (15 damage)
             ... on level 3 of the Dungeon.
             The game lasted 00:12:00 (2101 turns).

monsoonserge the Grave Robber (Gnoll Necromancer)   Turns: 2101, Time: 00:12:04

Health: 0/32       AC:  3    Str:  7    XL:     4   Next: 81%
Magic:  4/11       EV: 13    Int: 16    God:
Gold:   119        SH:  0    Dex: 13    Spells: 9/13 levels left

rFire   . . .      SeeInvis .   t - +0 spear
rCold   + . .      Faith    .   (no shield)
rNeg    . . .      Spirit   .   i - +0 leather armour
rPois   .          Reflect  .   (no helmet)
rElec   .          Harm     .   (no cloak)
rCorr   .          Rampage  .   (no gloves)
Will    .....                   (no boots)
Stlth   ++........              (no amulet)
HPRegen 0.10/turn               v - ring of protection from cold
MPRegen 0.12/turn               (no ring)

@: no status effects
A: fangs 1, strong nose, distributed training
a: no special abilities


You were on level 3 of the Dungeon.
You visited 1 branch of the dungeon, and saw 3 of its levels.

You collected 119 gold pieces.

Inventory:

Hand Weapons
 c - a +0 short sword
 d - a +0 mace
 m - a +0 dagger
 r - a +0 whip
 t - a +0 spear (weapon)
Missiles
 f - 43 stones
Armour
 a - a +0 robe
 i - a +0 leather armour (worn)
Jewellery
 v - a ring of protection from cold (left hand)
Scrolls
 e - a scroll of brand weapon {unknown}
 g - 3 scrolls of identify {unknown}
 k - a scroll of poison {unknown}
 o - a scroll of silence {unknown}
 p - a scroll of magic mapping {unknown}
 q - a scroll of immolation {unknown}
 s - 2 scrolls of vulnerability {unknown}
 u - a scroll of blinking {unknown}
Potions
 b - 2 potions of magic
 h - 2 potions of lignification {unknown}
 j - a potion of brilliance {unknown}
 l - 2 potions of resistance {unknown}
 n - a potion of flight {unknown}
 w - a potion of heal wounds {unknown}
 x - a potion of degeneration {unknown}


   Skills:
 + Level 1.3 Fighting
 + Level 1.3 Short Blades
 + Level 1.3 Long Blades
 + Level 1.3 Axes
 + Level 1.3 Maces & Flails
 + Level 1.3 Polearms
 + Level 1.3 Staves
 + Level 1.3 Ranged Weapons
 + Level 1.3 Throwing
 + Level 1.3 Armour
 + Level 4.7 Dodging
 + Level 4.3 Stealth
 + Level 1.3 Shields
 + Level 1.3 Unarmed Combat
 + Level 5.1 Spellcasting
 + Level 1.0 Conjurations
 + Level 1.0 Hexes
 + Level 1.0 Summonings
 + Level 7.1 Necromancy
 + Level 1.0 Translocations
 + Level 1.0 Transmutations
 + Level 1.0 Fire Magic
 + Level 1.0 Ice Magic
 + Level 1.0 Air Magic
 + Level 1.0 Earth Magic
 + Level 1.0 Poison Magic
 + Level 1.4 Invocations
 + Level 1.3 Evocations


You had 9 spell levels left.
You knew the following spells:

 Your Spells              Type           Power      Damage    Failure   Level
a - Necrotise             Necr           100%       1d9       1%          1
b - Vampiric Draining     Necr           27%        2d7       3%          3

Your spell library contained the following spells:

 Spells                   Type           Power      Damage    Failure   Level
 Animate Dead             Necr           27%        N/A       12%         4
 Slow                     Hex            28%        N/A       14%         1
 Agony                    Necr           27%        N/A       32%         5
 Confusing Touch          Hex            7%         N/A       38%         3


Dungeon Overview and Level Annotations

Branches:
Dungeon (3/15)

Altars:
Ashenzari
Cheibriados


Innate Abilities, Weirdness & Mutations

You have very sharp teeth.
Your uncanny sense of smell can sniff out nearby items.
Your experience applies equally to all skills.


Message History

Aiming: Necrotise (safe; 1% risk of failure)
Press: ? - help, Shift-Dir - straight line, f/p - dart slug
Aim: a dart slug (almost dead, chance to affect: 93%)
The dart slug writhes in agony.
You kill the dart slug!
The bat closely misses you.
Unknown command.
You hit the bat.
You kill the bat!
The bat barely misses you. The bat attacks as you move away!
The bat hits you but does no damage. The bat closely misses you.
Reach: t) +0 spear
Press: ? - help, Dir - move target, f - giant cockroach
Aim: a giant cockroach (about 41% to evade your +0 spear)
You reach to attack!
You barely miss the giant cockroach. The bat barely misses you.
Reach: t) +0 spear
Press: ? - help, Dir - move target, f/p - giant cockroach
Aim: a giant cockroach (about 41% to evade your +0 spear)
You reach to attack!
You hit the giant cockroach but do no damage.
The bat hits you but does no damage. The bat barely misses you.
You miss the bat. Your bite misses the bat. The bat barely misses you.
You hit the gnoll.
The gnoll is moderately wounded.
The gnoll hits you with a +0 whip!
You barely miss the gnoll.
The gnoll is moderately wounded.
The gnoll hits you from afar with a +0 halberd!
The gnoll misses you.
Casting: Necrotise (safe; 1% risk of failure)
Confirm with . or Enter, or press ? or * to list all spells.
Aiming: Vampiric Draining (dangerous; 3% risk of failure)
Press: ? - help, Shift-Dir - straight line, f - gnoll, p - giant cockroach
Aim: a gnoll, wielding a +0 whip (moderately wounded)
You draw life force from the gnoll!
You feel life coursing into your body.
The gnoll shouts!
The gnoll hits you from afar with a +0 halberd!
You die...

#.# #.# ####.#
..##.# # #.##.#
.. # #.##.#.####
#.##.#.........
#......g......#
####@#....###.#
#g##.#.# ∆
#.....bBg..#...
#.###~≈≈≈~.#.###
#_~~†≈~...#
##~≈≈≈~.....
##~~~....##
##.......#
.........


You could see 3 gnolls, a giant cockroach and a bat.

Vanquished Creatures
  Jessica (D:2)
  2 adders (D:2)
  A worm (D:2)
  3 dart slugs
  An orc (D:3)
  3 ball pythons
  4 endoplasms
  A giant cockroach (D:1)
  3 goblins
  2 hobgoblins (D:2)
  2 jackals (D:1)
  A quokka (D:2)
  6 bats
  7 frilled lizards
  7 kobolds
  3 rats
47 creatures vanquished.

Vanquished Creatures (collateral kills)
  An endoplasm (D:2)
  A giant cockroach (D:1)
  A hobgoblin (D:2)
  A kobold (D:2)
  A ball python (D:1)
5 creatures vanquished.

Grand Total: 52 creatures vanquished

Notes
Turn   | Place    | Note
-------+----------+-------------------------------------------
     0 | D:1      | monsoonserge the Gnoll Necromancer began the quest for the
                  | Orb.
     0 | D:1      | Reached XP level 1. HP: 13/13 MP: 6/6
   283 | D:1      | Reached XP level 2. HP: 18/19 MP: 4/7
   993 | D:2      | Reached skill level 5 in Spellcasting
   993 | D:2      | Reached XP level 3. HP: 24/25 MP: 4/9
   997 | D:2      | Learned a level 3 spell: Vampiric Draining
  1072 | D:2      | Reached skill level 1 in Invocations
  1170 | D:2      | Reached skill level 1 in Fighting
  1170 | D:2      | Reached skill level 1 in Short Blades
  1170 | D:2      | Reached skill level 1 in Long Blades
  1170 | D:2      | Reached skill level 1 in Axes
  1170 | D:2      | Reached skill level 1 in Maces & Flails
  1170 | D:2      | Reached skill level 1 in Polearms
  1170 | D:2      | Reached skill level 1 in Staves
  1170 | D:2      | Reached skill level 1 in Ranged Weapons
  1170 | D:2      | Reached skill level 1 in Throwing
  1170 | D:2      | Reached skill level 1 in Armour
  1170 | D:2      | Reached skill level 1 in Shields
  1170 | D:2      | Reached skill level 1 in Unarmed Combat
  1170 | D:2      | Reached skill level 1 in Evocations
  1218 | D:2      | Noticed Jessica
  1222 | D:2      | Killed Jessica
  1223 | D:2      | Reached skill level 1 in Conjurations
  1223 | D:2      | Reached skill level 1 in Hexes
  1223 | D:2      | Reached skill level 1 in Summonings
  1223 | D:2      | Reached skill level 1 in Translocations
  1223 | D:2      | Reached skill level 1 in Transmutations
  1223 | D:2      | Reached skill level 1 in Fire Magic
  1223 | D:2      | Reached skill level 1 in Ice Magic
  1223 | D:2      | Reached skill level 1 in Air Magic
  1223 | D:2      | Reached skill level 1 in Earth Magic
  1223 | D:2      | Reached skill level 1 in Poison Magic
  1223 | D:2      | Reached XP level 4. HP: 28/32 MP: 7/11
  1922 | D:3      | Found a broken altar of Ashenzari.
  2084 | D:3      | Found a snail-covered altar of Cheibriados.
  2101 | D:3      | Slain by a gnoll

Illustrated notes

Levels and vault maps discovered:
D:1:      minmay_arrival_stone_box, layout_loops_ring,
          minmay_misc_feat_ornament, chequers_serial_rivers_marsh
D:2:      layout_loops_ring, minmay_tromino_v7, uniq_jessica
D:3:      layout_loops_corners, mainiacjoe_overflow_alcove_2,
          amcnicky_altar_gilded, worldfamousw_hep_ancestral_shrine,
          kennysheep_slug_shrine, uniq_sigmund

Skill      XL: |  1  2  3 |
---------------+----------+-----
Spellcasting   | 5 |  5.1
Invocations    | 1 |  1.4
Fighting       | 1 |  1.3
Short Blades   | 1 |  1.3
Long Blades    | 1 |  1.3
Axes           | 1 |  1.3
Maces & Flails | 1 |  1.3
Polearms       | 1 |  1.3
Staves         | 1 |  1.3
Ranged Weapons | 1 |  1.3
Throwing       | 1 |  1.3
Armour         | 1 |  1.3
Shields        | 1 |  1.3
Unarmed Combat | 1 |  1.3
Evocations     | 1 |  1.3
Conjurations   | 1 |  1.0
Hexes          | 1 |  1.0
Summonings     | 1 |  1.0
Translocations | 1 |  1.0
Transmutations | 1 |  1.0
Fire Magic     | 1 |  1.0
Ice Magic      | 1 |  1.0
Air Magic      | 1 |  1.0
Earth Magic    | 1 |  1.0
Poison Magic   | 1 |  1.0
Dodging        | |  4.7
Stealth        | |  4.3
Necromancy     | |  7.1

Action                   |  1- 3 |  4- 6 || total
-------------------------+-------+-------++-------
Melee: Mace              |    23 |       ||    23
       Short sword       |     3 |       ||     3
       Bite              |     3 |     8 ||    11
       Spear             |    21 |    39 ||    60
 Cast: Necrotise         |    29 |    14 ||    43
       Vampiric Draining |     2 |     3 ||     5
 Stab: Sleeping          |     7 |     8 ||    15
Armor: Leather armour    |    18 |     9 ||    27
Dodge: Dodged            |    50 |    18 ||    68
